Map: Kairos Junction LE

Players

Krystianer

  • Race: Protoss Protoss
  • League: Grandmaster
  • Spawn Location: 5:00

lIlIlIlIlIlI - Winner!

  • Race: Terran Terran
  • League: Grandmaster
  • Spawn Location: 11:00

VOD

Have the link to the VOD?

Description

Time

  • Played on: March 31, 2019, 6:43 a.m.
  • Length: 11:02
Show
View Real Time Build Order
Export as new Build Order

Krystianer Protoss 

Build Orders: 1 Gate Expand, Blink Stalkers 

Get SALT Encoding   

  12  0:00  Probe  
  13  0:12  Probe  
  14  0:19  Pylon  
  14  0:24  Probe  
  15  0:34  Probe  
  15  0:37  Gateway  
  15  0:42  Probe  
  16  0:47  Assimilator  
  17  0:51  Probe  
  18  1:03  Probe  
  19  1:15  Probe  
  20  1:22  Nexus  
  20  1:31  Cybernetics Core  
  20  1:37  Assimilator  
  20  1:40  Probe  
  21  1:47  Pylon  
  21  1:52  Probe  
  22  1:57  Adept  
  22  2:04  Probe  
  25  2:08  Warp Gate  
  25  2:16  Probe  
  25  2:19  Twilight Council  
  26  2:23  Stalker  
  27  2:30  Probe  
  27  2:32  Probe  
  29  2:40  Probe  
  29  2:42  Probe, Blink  
  31  2:50  Probe  
  30  2:54  Probe  
  32  3:05  Probe  
  34  3:17  Gateway  
  34  3:19  Probe  
  33  3:20  Gateway  
  33  3:21  Probe  
  35  3:30  Probe, Stalker  
  35  3:33  Probe  
  39  3:41  Probe  
  39  3:45  Probe  
  41  3:53  Probe  
  42  3:57  Probe  
  42  3:58  Robotics Facility  
  41  4:05  Pylon  
  41  4:06  Assimilator  
  43  4:12  Stalker  
  43  4:14  Probe, Stalker  
  46  4:21  Pylon  
  46  4:23  Probe  
  48  4:31  Nexus  
  47  4:40  Stalker x2  
  47  4:41  Stalker  
  53  4:45  Pylon  
  53  4:48  Observer, Probe  
  53  4:49  Probe  
  56  5:02  Probe  
  56  5:04  Stalker x3  
  56  5:05  Probe  
  64  5:10  Probe  
  64  5:12  Pylon  
  63  5:15  Probe  
  63  5:23  Probe  
  61  5:32  Stalker x2  
  61  5:33  Probe, Charge  
  65  5:37  Stalker  
  65  5:39  Probe  
  68  5:45  Probe  
  69  5:50  Probe  
  69  5:51  Probe  
  71  5:57  Probe  
  71  6:02  Probe  
  71  6:03  Probe  
  74  6:09  Probe  
  74  6:14  Probe  
  74  6:18  Gateway  
  74  6:20  Gateway  
  74  6:22  Gateway  
  74  6:26  Stalker  
  74  6:27  Stalker x2  
  80  6:37  Probe  
  80  6:38  Probe  
  80  6:39  Gateway  
  82  6:40  Probe, Gateway  
  82  6:41  Immortal  
  82  6:45  Pylon  
  85  7:00  Zealot x2  
  85  7:04  Pylon  
  85  7:13  Zealot x2  
  89  7:18  Pylon  
  89  7:20  Immortal  
  93  7:23  Zealot x4  
  99  7:36  Zealot x4  
  68  7:45  Zealot x4  
  68  7:48  Probe  
  61  8:00  Zealot  
  61  8:01  Zealot x3  
  61  8:03  Immortal  
  66  8:06  Probe  
  66  8:08  Probe  
  63  8:18  Probe x2, Zealot x3  
  63  8:19  Zealot  
  65  8:20  Probe  
  65  8:26  Probe  
  68  8:28  Observer, Templar Archives  
  68  8:31  Stalker  
  73  8:34  Probe  
  73  8:36  Stalker  
  73  8:38  Sentry x2  
  73  8:39  Probe  
  80  8:46  Probe, Zealot  
  80  8:47  Zealot  
  84  8:54  Zealot x2  
  84  8:55  Zealot  
  90  9:00  Warp Prism  
  90  9:01  Psionic Storm  
  86  9:16  High Templar  
  86  9:17  High Templar  
  92  9:18  Zealot  
  92  9:19  Zealot x4  
  102  9:24  Pylon  
  102  9:27  Pylon  
  101  9:42  Nexus  
  101  9:47  Pylon  
  101  9:48  Probe  
  102  9:53  High Templar x2  
  106  10:00  Zealot x6  
  106  10:04  Pylon x2  
  118  10:23  Zealot x2  
  118  10:24  Zealot x4  
  118  10:25  Zealot x2  
  118  10:48  Stalker  
  118  10:49  Stalker x7  
  118  10:53  Archon  
Show
View Real Time Build Order
Export as new Build Order

lIlIlIlIlIlI Terran - Winner!

Build Orders: Reaper Expand 

Get SALT Encoding   

  12  0:00  SCV  
  13  0:13  SCV  
  14  0:17  Supply Depot  
  14  0:25  SCV  
  15  0:38  SCV  
  15  0:40  Barracks  
  16  0:44  Refinery  
  16  0:50  SCV  
  17  1:02  SCV  
  18  1:15  SCV  
  19  1:26  Reaper  
  19  1:27  Orbital Command  
  20  1:41  Command Center  
  20  1:49  Supply Depot  
  20  1:52  SCV  
  21  1:58  Marine  
  22  2:04  SCV  
  23  2:11  Bunker  
  23  2:14  Factory  
  23  2:17  SCV  
  23  2:21  Barracks Reactor  
  24  2:26  Refinery  
  24  2:29  SCV  
  25  2:41  SCV  
  26  2:53  SCV  
  26  2:55  Orbital Command  
  26  2:58  Marine x2  
  27  2:59  Widow Mine  
  27  3:00  Starport  
  27  3:05  SCV  
  31  3:16  Marine x2  
  33  3:20  SCV x2  
  33  3:23  Widow Mine  
  33  3:25  Supply Depot  
  37  3:32  SCV x2  
  37  3:33  Barracks  
  39  3:37  Marine x2  
  41  3:43  Supply Depot  
  41  3:47  SCV x2  
  41  3:57  Marine x2  
  41  3:58  Factory Tech Lab  
  41  3:59  SCV x2  
  41  4:01  Medivac  
  47  4:11  SCV x2  
  47  4:15  Refinery  
  49  4:18  Barracks  
  49  4:19  Engineering Bay  
  49  4:20  Siege Tank  
  49  4:23  Barracks Tech Lab  
  52  4:27  SCV x2  
  54  4:32  Supply Depot  
  54  4:36  Starport Tech Lab  
  54  4:39  SCV x2  
  54  4:40  Marine x2  
  54  4:43  Stimpack  
  54  4:44  Marine  
  59  4:49  Refinery  
  59  4:51  SCV x2  
  61  4:57  Siege Tank  
  64  5:02  Supply Depot  
  64  5:03  SCV x2  
  66  5:08  Starport Reactor  
  66  5:15  SCV x2  
  66  5:20  Marine x2  
  70  5:24  Marauder x2  
  74  5:29  Terran Infantry Weapons Level 1  
  74  5:32  Siege Tank  
  77  5:35  Supply Depot  
  77  5:36  SCV  
  77  5:41  Supply Depot, SCV  
  79  5:44  Combat Shield  
  79  5:46  Marine x3  
  79  5:47  Marine  
  83  5:51  Medivac  
  85  5:57  Medivac  
  85  6:01  SCV x2  
  89  6:06  Marauder x2  
  89  6:08  Marine  
  89  6:09  Marine  
  89  6:10  Liberator x2  
  95  6:16  Supply Depot  
  96  6:21  Missile Turret  
  96  6:23  Supply Depot  
  94  6:26  Marine  
  94  6:31  Marine x2  
  100  6:37  Marauder  
  102  6:46  Supply Depot  
  102  6:49  Marauder  
  98  6:54  Marine x2  
  98  6:58  Marauder  
  98  6:59  SCV x2  
  98  7:00  Siege Tank  
  103  7:05  Concussive Shells  
  103  7:06  Liberator  
  103  7:07  Liberator  
  103  7:08  Supply Depot  
  101  7:11  Marauder  
  103  7:20  Command Center  
  99  7:39  SCV x2  
  90  7:45  Marauder x2, Marine x2  
  90  7:51  Liberator, SCV  
  96  7:52  Liberator  
  96  7:56  SCV  
  94  8:03  SCV  
  94  8:04  Barracks  
  94  8:05  Barracks  
  95  8:09  SCV  
  96  8:15  Marine x2, SCV  
  96  8:19  Marauder  
  97  8:20  Marauder  
  97  8:21  SCV  
  97  8:25  Terran Infantry Armor Level 1  
  98  8:27  SCV  
  98  8:33  SCV  
  100  8:37  Liberator  
  100  8:39  SCV  
  100  8:40  Factory Reactor  
  101  8:41  Marine x2  
  101  8:42  Marauder x2  
  107  8:50  Orbital Command  
  107  8:54  Medivac  
  112  8:56  Barracks Tech Lab  
  112  8:57  Barracks Reactor  
  112  9:01  Refinery  
  112  9:05  Marine x2  
  112  9:07  Marauder x2  
  115  9:11  Ghost Academy  
  115  9:17  Missile Turret  
  115  9:18  Widow Mine x2  
  115  9:19  Missile Turret  
  115  9:20  Missile Turret  
  115  9:22  Liberator  
  115  9:23  Liberator  
  121  9:25  Refinery  
  121  9:32  Marine x2  
  121  9:35  Marine x2  
  123  9:42  Ghost x2  
  132  9:50  Ghost  
  132  9:52  Marine x3  
  136  9:53  Marine  
  136  9:56  Command Center  
  140  10:00  Widow Mine  
  140  10:01  Widow Mine  
  140  10:05  Missile Turret  
  142  10:07  Missile Turret  
  142  10:12  Marauder x2, Marine x3  
  149  10:17  Supply Depot  
  149  10:18  Supply Depot, Marine  
  149  10:19  Marauder  
  158  10:30  Marine x3  
  158  10:31  Widow Mine x2  
Tags
 
Add a new tag
Caveats
  • Supply blocks, unpowered buildings, or Contaminate may cause inaccurate times.
  • Supply counts are checked every 10 seconds.